Map: Para Site LE

Players

Denver - Winner!

  • Race: Zerg Zerg
  • Spawn Location: 11:00

uThermaL

  • Race: Terran Terran
  • Spawn Location: 5:00

VOD

Have the link to the VOD?

Description

Uthermal vs denver game 3

Time

  • Played on: Sept. 8, 2018, 3:50 p.m.
  • Length: 10:57
Show
View Real Time Build Order
Export as new Build Order

Denver Zerg - Winner!

Build Orders: Hatch First 

Get SALT Encoding   

  12  0:00  Drone  
  13  0:13  Overlord  
  13  0:17  Drone  
  14  0:31  Drone x2  
  16  0:36  Drone  
  17  0:51  Hatchery  
  17  0:55  Drone  
  17  0:58  Drone  
  18  1:09  Extractor  
  17  1:13  Spawning Pool  
  17  1:17  Drone  
  17  1:20  Drone  
  18  1:28  Drone  
  19  1:39  Overlord  
  19  1:51  Drone  
  20  1:59  Queen  
  22  2:01  Zergling x2  
  22  2:03  Zergling x2, Queen  
  26  2:09  Metabolic Boost  
  26  2:12  Drone  
  27  2:16  Drone  
  27  2:22  Drone  
  29  2:29  Overlord  
  29  2:35  Queen  
  31  2:37  Drone x2  
  31  2:41  Queen  
  31  2:44  Drone  
  35  2:52  Drone  
  36  3:00  Hatchery  
  36  3:02  Drone  
  36  3:04  Drone  
  37  3:06  Drone  
  37  3:09  Drone  
  39  3:15  Drone x2  
  39  3:18  Overlord  
  41  3:21  Drone x2  
  43  3:35  Drone  
  43  3:36  Baneling Nest, Queen  
  43  3:39  Queen  
  47  3:43  Drone  
  47  3:44  Drone x2  
  47  3:47  Overlord  
  50  3:52  Drone x2  
  50  3:54  Overlord  
  52  4:05  Overlord  
  52  4:12  Overlord  
  52  4:14  Drone x5  
  52  4:15  Lair  
  57  4:18  Zergling x2  
  57  4:19  Extractor  
  58  4:24  Zergling x8  
  58  4:30  Drone x2  
  63  4:32  Evolution Chamber  
  63  4:33  Evolution Chamber  
  63  4:35  Drone  
  62  4:39  Drone x2  
  62  4:44  Extractor, Drone  
  62  4:45  Drone x3  
  67  4:49  Drone  
  68  4:57  Drone x3  
  68  4:59  Drone  
  72  5:02  Overlord  
  72  5:07  Zerg Ground Armor Level 1  
  72  5:09  Zerg Melee Weapons Level 1  
  72  5:12  Hatchery  
  72  5:13  Spore Crawler  
  70  5:15  Overseer  
  70  5:17  Zergling x6  
  70  5:20  Overlord  
  73  5:21  Overlord  
  73  5:26  Drone x4  
  77  5:29  Centrifical Hooks  
  77  5:36  Overlord  
  77  5:38  Drone x4  
  77  5:40  Extractor  
  80  5:45  Drone  
  80  5:47  Extractor  
  80  5:48  Zergling x12  
  85  5:51  Burrow, Overseer  
  85  5:55  Drone x3  
  88  5:59  Zergling x6  
  91  6:05  Overlord  
  91  6:08  Zergling x10  
  95  6:13  Baneling x5, Hydralisk Den  
  95  6:15  Zergling x6  
  95  6:17  Overlord  
  97  6:19  Drone  
  97  6:20  Drone  
  99  6:28  Zergling x8  
  102  6:37  Zergling x10  
  102  6:38  Zergling x2  
  102  6:39  Hatchery  
  106  6:43  Muscular Augments  
  106  6:46  Drone x3  
  109  6:51  Zergling x2  
  109  6:52  Zergling x8  
  114  6:55  Baneling  
  114  6:56  Baneling x6  
  114  6:57  Baneling  
  114  7:00  Drone x3  
  114  7:01  Drone  
  118  7:02  Drone  
  118  7:04  Drone x2  
  118  7:07  Overlord  
  121  7:13  Drone x3  
  121  7:14  Drone  
  125  7:17  Baneling x4  
  125  7:18  Baneling  
  125  7:20  Overlord  
  125  7:22  Overlord  
  125  7:24  Zerg Melee Weapons Level 2  
  125  7:26  Overlord  
  125  7:32  Zerg Ground Armor Level 2  
  125  7:33  Zergling x2  
  125  7:34  Zergling x6  
  129  7:38  Overlord  
  129  7:39  Drone  
  129  7:41  Overlord  
  127  7:45  Pneumatized Carapace  
  127  7:47  Zergling x18  
  136  7:53  Spore Crawler  
  136  7:54  Grooved Spines  
  136  7:57  Hydralisk x5  
  145  8:03  Queen  
  147  8:07  Infestation Pit  
  147  8:08  Zergling x12  
  149  8:16  Hydralisk  
  149  8:17  Zergling x2, Hydralisk x4  
  156  8:25  Overlord  
  156  8:27  Extractor  
  155  8:33  Hydralisk x5  
  155  8:34  Zergling x12  
  168  8:38  Extractor  
  168  8:39  Zergling x10  
  173  8:41  Overlord  
  173  8:45  Overlord  
  173  8:48  Overlord  
  173  8:51  Hive  
  173  8:54  Hydralisk x3  
  177  8:58  Overlord  
  177  9:10  Zergling x2, Hydralisk  
  177  9:11  Zergling x22  
  177  9:15  Overlord  
  190  9:31  Zergling x18  
  195  9:32  Hatchery  
  195  9:33  Baneling x5  
  195  9:37  Pathogen Glands  
  197  9:53  Zergling x4  
  197  9:55  Baneling x20  
  197  9:56  Baneling x2  
  190  10:02  Zergling x2  
  190  10:03  Zergling x18  
  199  10:13  Zergling x12  
  200  10:15  Baneling x9  
  200  10:16  Baneling x4  
  194  10:29  Zergling x14  
  192  10:36  Zergling x16  
Show
View Real Time Build Order
Export as new Build Order

uThermaL Terran 

Build Orders: Reaper Expand, Bio Tank, Hellion Banshee 

Get SALT Encoding   

  12  0:01  SCV  
  13  0:13  SCV  
  14  0:16  Supply Depot  
  14  0:25  SCV  
  15  0:38  SCV  
  15  0:39  Barracks  
  16  0:43  Refinery  
  16  0:50  SCV  
  17  1:02  SCV  
  18  1:14  SCV  
  19  1:26  Reaper  
  19  1:28  Orbital Command  
  20  1:37  Command Center  
  20  1:45  Supply Depot  
  20  1:53  SCV  
  21  1:58  Marine  
  22  2:05  SCV  
  22  2:07  Factory  
  23  2:16  Marine  
  23  2:17  SCV  
  25  2:29  SCV  
  26  2:37  Barracks Reactor, Command Center  
  26  2:43  SCV  
  27  2:50  Orbital Command  
  27  2:55  SCV  
  28  2:58  Starport  
  28  3:07  SCV  
  29  3:16  SCV  
  29  3:18  Barracks Tech Lab, Hellion x2  
  29  3:19  SCV  
  35  3:26  Refinery  
  35  3:28  SCV  
  35  3:31  SCV  
  37  3:40  SCV, Hellion x2  
  42  3:44  SCV  
  42  3:47  Banshee  
  46  3:50  Orbital Command  
  46  3:52  SCV  
  47  3:56  SCV  
  47  4:01  Hellion x2  
  52  4:04  SCV  
  52  4:05  Refinery  
  52  4:08  Supply Depot, SCV, Barracks Tech Lab  
  54  4:16  SCV x2  
  55  4:20  SCV  
  56  4:27  Stimpack, Marine  
  56  4:28  SCV x2  
  59  4:32  SCV  
  59  4:34  Supply Depot  
  60  4:39  Barracks  
  60  4:40  SCV x2  
  60  4:41  Barracks  
  60  4:44  Siege Tank, SCV  
  60  4:45  Starport Reactor  
  66  4:52  Engineering Bay, Marine  
  67  4:53  SCV  
  67  4:54  Engineering Bay  
  67  4:55  SCV  
  67  4:57  SCV  
  70  5:01  Supply Depot  
  70  5:04  Refinery  
  70  5:05  SCV  
  71  5:07  SCV  
  72  5:16  Siege Tank  
  72  5:17  SCV  
  72  5:18  Marine  
  72  5:20  Orbital Command  
  77  5:21  Terran Infantry Weapons Level 1, Terran Infantry Armor Level 1  
  77  5:22  SCV  
  78  5:29  Marine x2  
  78  5:33  SCV  
  78  5:34  Starport Reactor  
  78  5:35  Barracks x2  
  81  5:36  Marine  
  81  5:37  Marine  
  81  5:38  Supply Depot  
  81  5:40  SCV  
  81  5:42  Marine  
  85  5:50  SCV x2, Marine x2  
  85  5:56  Siege Tank, Supply Depot  
  92  5:59  SCV, Marine  
  94  6:06  SCV  
  94  6:09  Refinery  
  94  6:10  Refinery, Marine  
  96  6:12  Supply Depot  
  96  6:13  Medivac  
  96  6:16  SCV  
  96  6:17  SCV  
  100  6:22  Armory  
  100  6:24  Barracks Reactor x2  
  100  6:29  SCV, Factory  
  100  6:30  SCV  
  100  6:31  Combat Shield  
  100  6:32  Marine  
  102  6:34  Marine x2  
  102  6:35  Marine  
  102  6:37  SCV  
  107  6:41  SCV, Marine  
  107  6:42  Supply Depot  
  107  6:44  Siege Tank  
  107  6:45  Medivac  
  114  6:49  Medivac  
  114  6:50  SCV  
  117  6:56  Supply Depot  
  117  6:57  Supply Depot  
  117  6:58  Supply Depot  
  117  7:03  SCV, Marine x7  
  125  7:10  Supply Depot  
  125  7:13  Factory Tech Lab  
  125  7:17  Supply Depot, Marine x2  
  125  7:18  Terran Infantry Weapons Level 2, Medivac  
  125  7:19  Supply Depot, Medivac  
  125  7:21  Marine x3  
  134  7:23  Marine x2  
  134  7:26  Marine x2  
  134  7:27  Supply Depot  
  134  7:29  Siege Tank  
  141  7:31  Terran Infantry Armor Level 2  
  141  7:35  Marine x2  
  143  7:39  Marine  
  143  7:43  Marine, Terran Vehicle Weapons Level 1  
  143  7:44  Siege Tank, Marine  
  146  7:50  Marine x3  
  152  7:54  Marine x3  
  152  7:55  Supply Depot  
  155  8:00  Marine  
  155  8:04  Siege Tank  
  159  8:11  Medivac  
  161  8:13  Medivac  
  161  8:15  Marine  
  161  8:19  Marine  
  165  8:22  Siege Tank  
  165  8:23  Marine  
  165  8:24  Marine  
  165  8:25  Marine  
  171  8:27  Marine  
  171  8:28  Marine  
  171  8:29  Supply Depot, Marine  
  171  8:30  Command Center  
  174  8:38  Siege Tank, Marine  
  174  8:39  Marine  
  174  8:40  Marine  
  178  8:47  Barracks  
  178  8:48  Medivac  
  180  8:49  Barracks, Medivac  
  180  8:51  Barracks  
  180  8:53  Marine x2  
  180  8:54  Marine  
  185  8:57  Marine  
  185  9:01  Marine  
  187  9:05  Marine  
  187  9:06  Supply Depot, Marine  
  187  9:07  Sensor Tower  
  189  9:10  Marine  
  189  9:12  Unknown x3  
  189  9:14  Marine  
  189  9:16  Marine x3  
  191  9:17  Siege Tank  
  191  9:18  Marine  
  191  9:19  Marine  
  191  9:23  Marine  
  197  9:28  Siege Tank  
  200  9:33  Unknown x3  
  182  10:00  Marine, Medivac x2  
  182  10:01  Marine x3  
  182  10:02  Marine x2  
  182  10:03  Marine  
  182  10:05  Marine  
  182  10:07  Marine  
  158  10:14  Siege Tank  
  158  10:18  Marine x2  
  158  10:19  Marine x3  
  158  10:20  Marine  
  158  10:21  Marine  
  158  10:22  Marine  
  158  10:24  Marine  
  150  10:36  Marine x3  
  150  10:37  Marine x3  
  150  10:39  Marine  
Tags
 
Add a new tag
Caveats
  • Supply blocks, unpowered buildings, or Contaminate may cause inaccurate times.
  • Supply counts are checked every 10 seconds.